Map: Acid Plant LE

Players

Infamous

  • Race: Protoss Protoss
  • League: Silver
  • Spawn Location: 5:00

Boop - Winner!

  • Race: Protoss Protoss
  • League: Silver
  • Spawn Location: 11:00

VOD

Have the link to the VOD?

Description

Time

  • Played on: March 22, 2018, 12:07 p.m.
  • Length: 6:27
Show
View Real Time Build Order
Export as new Build Order

Infamous Protoss 

Build Orders: Double Forge 

Get SALT Encoding   

  12  0:01  Probe  
  13  0:13  Probe  
  14  0:19  Pylon  
  15  0:28  Probe  
  15  0:39  Gateway  
  15  0:40  Probe  
  16  0:52  Probe (Chrono Boost)  
  16  0:55  Assimilator  
  18  1:04  Probe (Chrono Boost)  
  19  1:12  Probe (Chrono Boost)  
  19  1:17  Probe (Chrono Boost)  
  19  1:18  Pylon  
  20  1:28  Probe  
  20  1:29  Cybernetics Core  
  21  1:33  Assimilator  
  21  1:47  Probe  
  21  1:48  Zealot  
  24  2:03  Probe  
  24  2:06  Warp Gate (Chrono Boost)  
  25  2:18  Pylon  
  25  2:23  Nexus  
  25  2:29  Stalker  
  27  2:36  Pylon  
  27  2:41  Probe  
  28  3:00  Pylon  
  28  3:04  Gateway  
  28  3:08  Sentry (Chrono Boost)  
  30  3:18  Probe  
  31  3:21  Gateway  
  31  3:30  Robotics Facility  
  31  3:35  Probe (Chrono Boost)  
  31  3:41  Probe (Chrono Boost)  
  34  3:49  Probe (Chrono Boost)  
  34  3:58  Twilight Council  
  34  3:59  Probe x2  
  36  4:15  Gateway  
  36  4:16  Gateway  
  36  4:24  Forge  
  36  4:27  Probe, Assimilator  
  36  4:28  Probe  
  36  4:30  Observer (Chrono Boost)  
  39  4:38  Shield Battery  
  39  4:43  Probe (Chrono Boost)  
  39  4:45  Forge  
  41  4:48  Probe (Chrono Boost), Sentry  
  43  5:07  Immortal  
  43  5:10  Photon Cannon  
  45  5:19  Zealot x2  
  45  5:20  Zealot  
  30  5:40  Stalker  
  30  5:41  Stalker  
  30  5:48  Photon Cannon  
  25  5:50  Zealot x2  
  17  6:05  Stalker  
Show
View Real Time Build Order
Export as new Build Order

Boop Protoss - Winner!

Build Orders: 1 Gate Expand 

Get SALT Encoding   

  12  0:01  Probe  
  13  0:13  Probe  
  14  0:19  Pylon  
  14  0:27  Probe  
  15  0:39  Probe (Chrono Boost), Gateway  
  16  0:51  Probe (Chrono Boost)  
  16  0:55  Assimilator  
  17  0:58  Probe (Chrono Boost)  
  18  1:05  Probe  
  19  1:18  Probe  
  20  1:30  Nexus  
  20  1:39  Cybernetics Core  
  20  1:51  Gateway  
  20  1:52  Probe  
  21  2:04  Probe  
  22  2:10  Assimilator  
  22  2:12  Warp Gate (Chrono Boost)  
  22  2:15  Pylon  
  22  2:16  Probe  
  23  2:25  Twilight Council  
  23  2:33  Probe  
  24  2:42  Probe  
  25  2:45  Probe  
  25  2:48  Robotics Facility  
  26  2:54  Probe  
  27  2:59  Gateway  
  27  3:01  Charge (Chrono Boost)  
  27  3:08  Probe  
  27  3:09  Probe  
  29  3:20  Probe, Gateway  
  29  3:23  Probe  
  31  3:32  Gateway  
  31  3:34  Probe  
  31  3:35  Probe  
  33  3:45  Gateway  
  33  3:48  Probe x2  
  35  3:57  Warp Prism  
  35  4:01  Probe  
  35  4:02  Probe  
  39  4:12  Pylon  
  39  4:13  Probe  
  39  4:14  Pylon, Probe  
  41  4:22  Gateway  
  41  4:27  Gateway  
  41  4:39  Pylon  
  41  4:58  Forge  
  41  5:00  Forge  
  41  5:01  Forge  
  41  5:05  Zealot x6  
  53  5:25  Zealot x6  
  65  5:45  Zealot x3  
  61  6:07  Zealot x3  
  61  6:08  Zealot x2  
Tags
 
Add a new tag
Caveats
  • Supply blocks, unpowered buildings, or Contaminate may cause inaccurate times.
  • Supply counts are checked every 10 seconds.